 Dungeon Crawl Stone Soup version 0.19-a0-526-gbe2e51c (webtiles) character file.

1523 epen the Charmwright (level 9, 0/65 HPs)
             Began as a Formicid Skald on June 7, 2016.
             Was a Priest of Makhleb.
             Slain by an ice beast (11 damage)
             ... on level 5 of the Dungeon.
             The game lasted 00:14:10 (7755 turns).

epen the Charmwright (Formicid Skald)               Turns: 7755, Time: 00:14:11

Health: 0/65       AC:  3    Str: 17    XL:     9   Next: 10%
Magic:  15/15      EV: 13    Int: 12    God:    Makhleb [***...]
Gold:   265        SH:  0    Dex: 13    Spells: 4 memorised, 7 levels left

rFire  . . .     SeeInvis +     t - +0 trident (curse)
rCold  . . .     Gourm    .     u - +1 robe (curse)
rNeg   . . .     Faith    .     (no shield)
rPois  .         Spirit   .     (helmet unavailable)
rElec  .         Dismiss  .     (no cloak)
rCorr  .         Reflect  .     (no gloves)
SustAt .         Harm     .     (no boots)
MR     .....                    (no amulet)
Stlth  +.........               (no ring)
                                (no ring)

@: flying, not resistant to hostile enchantments, very unstealthy
A: permanent stasis, dig shafts and tunnels, four strong arms, antennae 3
a: Dig, Shaft Self, Minor Destruction, Lesser Servant of Makhleb, Renounce
Religion


You were on level 5 of the Dungeon.
You worshipped Makhleb.
Makhleb was most pleased with you.
You were very hungry.

You visited 1 branch of the dungeon, and saw 5 of its levels.

You collected 265 gold pieces.

Inventory:

Hand Weapons
 a - a +0 spear
 t - a cursed +0 trident (weapon)
Armour
 b - a +0 leather armour
 u - a cursed +1 robe (worn)
Magical Staves
 n - an uncursed staff of wizardry
Wands
 g - a wand of enslavement (13/24)
 s - a wand of random effects (9/48)
 w - a wand of confusion (23/48)
 x - a wand of paralysis (8/24)
Scrolls
 e - a scroll of amnesia {unknown}
Potions
 i - 3 potions of cure mutation
 p - a potion of might
 q - a potion of brilliance
Books
 c - a book of Battle

   Spells                             Type                      Level
   a - Infusion                       Charms                       1
   b - Shroud of Golubria             Charms/Translocation         2
   c - Song of Slaying                Charms                       2
   d - Spectral Weapon                Hexes/Charms                 3
   e - Regeneration                   Charms/Necromancy            3
 j - a book of Transfigurations

   Spells                             Type                      Level
   a - Irradiate                      Conjuration/Transmutation    5
   b - Statue Form                    Transmutation/Earth          6
   c - Hydra Form                     Transmutation                6
   d - Dragon Form                    Transmutation                7
Comestibles
 d - 6 bread rations
 f - 3 meat rations
 h - 2 royal jellies
 k - a slice of pizza
 o - 2 beef jerkies


   Skills:
 + Level 4.2 Fighting
 * Level 4.8 Polearms
 + Level 3.8 Armour
 + Level 3.1 Dodging
 + Level 4.3 Spellcasting
 + Level 3.1 Hexes
 * Level 5.1 Charms
 * Level 4.7 Invocations


You had 7 spell levels left.
You knew the following spells:

 Your Spells              Type           Power        Failure   Level  Hunger
a - Infusion              Chrm           ##..         2%          1    None
b - Song of Slaying       Chrm           ##......     4%          2    ##.....
c - Spectral Weapon       Hex/Chrm       ##......     14%         3    ###....
d - Regeneration          Chrm/Necr      #.........   24%         3    ###....


Dungeon Overview and Level Annotations

Branches:
Dungeon (5/15)             Temple (0/1) D:4

Altars:
Dithmenos
Elyvilon
Fedhas
Makhleb
Xom

Shops:
D:5 [


Innate Abilities, Weirdness & Mutations

You are under a permanent stasis effect.
You can dig through walls and to a lower floor.
Your four strong arms can wield two-handed weapons with a shield.
You have a pair of large antennae on your head. (SInv)


Message History

* * * LOW HITPOINT WARNING * * *
You are too injured to fight recklessly!
You are too injured to fight recklessly!
You barely miss the ice beast.
The ice beast is almost dead.
The ice beast hits you.
* * * LOW HITPOINT WARNING * * *
The ice beast freezes you.
* * * LOW HITPOINT WARNING * * *
It was a potion of flight.
You feel very buoyant.
You fly up into the air.
The ice beast barely misses you.
Casting: Spectral Weapon
Confirm with . or Enter, or press ? or * to list all spells.
You don't know that spell.
Unknown command.
It was a potion of curing.
You feel better. The ice beast hits you.
* * * LOW HITPOINT WARNING * * *
The ice beast freezes you!
You die...

##..........## ##.## ###..
###...........## #..# ##.
#.....#........## #..## ##.
....##..........#####...#######..
...##..>.##......##..............
.......)###.....................#
##.....## ##....................#
.####..## #.....Y...............
.## #...# #....@................
..# ##..####....#................
..####.....#....#................
...##..........#...###...........
#......####....#..## ####........
#....### ###.....# ###......
##..## ####### #...... #...#
##>## #...... ....# #8...8####
#......


You could see an ice beast.

Vanquished Creatures
  Sigmund (D:3)
  The ghost of p0werm0de the Caller, an amateur DsSu of Cheibriados (D:5)
  The ghost of Xiguana the Ruffian, an amateur VSMo (D:4)
  A necrophage (D:5)
  3 ogres
  A water moccasin zombie (D:5)
  2 scorpions (D:4)
  A crimson imp (D:5)
  5 orc priests
  A giant frog skeleton (D:4)
  An iguana (D:4)
  2 worker ants (D:4)
  An orc wizard (D:5)
  4 gnolls (D:4)
  13 adders
  2 river rats (D:4)
  2 shadow imps (D:5)
  2 oozes
  An adder skeleton (D:4)
  6 worms
  2 dart slugs
  8 giant geckos
  16 orcs
  2 ball pythons
  9 bats
  6 giant cockroaches
  4 goblins
  7 hobgoblins
  5 quokkas
  3 giant gecko skeletons (D:4)
  6 giant newts
  2 jackal skeletons
  10 kobolds
  11 rats
142 creatures vanquished.

Vanquished Creatures (others)
  A quokka (D:3)
  4 spectral weapons
5 creatures vanquished.

Grand Total: 147 creatures vanquished

Notes
Turn   | Place    | Note
--------------------------------------------------------------
     0 | D:1      | epen the Formicid Skald began the quest for the Orb.
     0 | D:1      | Reached XP level 1. HP: 16/16 MP: 3/3
    28 | D:1      | Reached skill level 1 in Dodging
   106 | D:1      | Reached XP level 2. HP: 21/22 MP: 5/5
   110 | D:1      | Learned a level 2 spell: Song of Slaying
   565 | D:1      | Reached XP level 3. HP: 28/28 MP: 6/6
   612 | D:1      | Learned a level 3 spell: Spectral Weapon
   860 | D:2      | Reached XP level 4. HP: 22/34 MP: 1/8
  1311 | D:2      | Found a shadowy altar of Dithmenos.
  1526 | D:2      | Found a burning altar of Makhleb.
  1535 | D:2      | Became a worshipper of Makhleb the Destroyer
  1778 | D:2      | Reached XP level 5. HP: 38/39 MP: 9/9
  2536 | D:3      | Reached * piety under Makhleb
  2823 | D:3      | Noticed Sigmund
  2868 | D:3      | Killed Sigmund
  2868 | D:3      | Reached skill level 1 in Hexes
  2868 | D:3      | Reached skill level 1 in Invocations
  2868 | D:3      | Reached XP level 6. HP: 7/47 MP: 4/11
  3264 | D:3      | Reached XP level 7. HP: 15/52 MP: 3/12
  3886 | D:3      | Found a white marble altar of Elyvilon.
  4036 | D:3      | Reached skill level 4 in Charms
  4041 | D:3      | Reached ** piety under Makhleb
  4209 | D:4      | Noticed Xiguana's ghost (amateur VSMo)
  4591 | D:4      | HP: 2/52 [Xiguana's ghost (10)]
  5016 | D:4      | Learned a level 3 spell: Regeneration
  5416 | D:4      | Found a staircase to the Ecumenical Temple.
  5456 | D:4      | Reached XP level 8. HP: 43/60 MP: 9/13
  5549 | D:4      | Killed Xiguana's ghost
  5731 | D:4      | HP: 1/60 [iguana (4)]
  6034 | D:4      | Found a shimmering altar of Xom.
  6111 | D:4      | HP: 4/90 [poisoned by a worker ant]
  6117 | D:4      | HP: 3/90 [poisoned by a worker ant]
  6123 | D:4      | HP: 2/90 [poisoned by a worker ant]
  6131 | D:4      | HP: 2/90 [poisoned by a worker ant]
  6457 | D:5      | Entered Level 5 of the Dungeon
  6553 | D:5      | Found a blossoming altar of Fedhas.
  6668 | D:5      | Noticed p0werm0de's ghost (amateur DsSu)
  6679 | D:5      | Killed p0werm0de's ghost
  7040 | D:5      | Reached *** piety under Makhleb
  7052 | D:5      | Reached skill level 5 in Charms
  7086 | D:5      | Found Cacurhir's Armour Shoppe.
  7303 | D:5      | Reached XP level 9. HP: 65/65 MP: 15/15
  7735 | D:5      | HP: 1/65 [ice beast (6)]
  7755 | D:5      | Slain by an ice beast

Vault maps used:
D:1:      saegor_arrival_simple_d, minivault_19
D:2:      lemuel_doored_altar, grunt_dithmenos_smoke_and_mirrors,
          kennysheep_generic_room_5
D:3:      elyvilon_altar_4, first_bread, uniq_sigmund
D:4:      nicolae_overflow_crystal_walls, minmay_temple_entry_trees,
          gup_sewer_entry_bowl
D:5:      nicolae_overflow_hidden_temple, serial_shops,
          nicolae_shop_window_shopping

Skill      XL: |  1  2  3  4  5  6  7  8 |
---------------+-------------------------+-----
Dodging        | 1 2 3 |  3.1
Spellcasting   | 3 4 |  4.3
Armour         | 2 3 |  3.8
Fighting       | 3 4 |  4.2
Polearms       | 3 4 |  4.8
Hexes          | 1 2 3 |  3.1
Invocations    | 1 3 4 |  4.7
Charms         | 4 5 |  5.1

Action                   |  1- 3 |  4- 6 |  7- 9 || total
-------------------------+-------+-------+-------++-------
Melee: Spear             |    91 |   201 |    82 ||   374
       Trident           |       |       |   239 ||   239
 Cast: Infusion          |     2 |     3 |       ||     5
       Song of Slaying   |     1 |     1 |     2 ||     4
       Spectral Weapon   |       |     5 |    16 ||    21
  Use: Potion            |       |     3 |     5 ||     8
       Scroll            |       |     6 |     6 ||    12
 Stab: Sleeping          |       |     1 |     2 ||     3
       Distracted        |       |       |     2 ||     2
  Eat: Chunk             |       |     9 |    16 ||    25
Armor: Leather armour    |    24 |    29 |       ||    53
       Robe              |       |       |    16 ||    16
Dodge: Dodged            |    55 |    90 |   142 ||   287
